 Dungeon Crawl Stone Soup version 0.29.1-13-g9f3cf754e1 (webtiles) character file.

Game seed: 10435126141910061427

556 flickminster the Trooper (level 7, 0/44 HPs)
             Began as a Gargoyle Monk on Feb 6, 2023.
             Was a Priest of Cheibriados.
             Slain by a gargoyle
             ... wielding a +0 mace
              (16 damage)
             ... on level 5 of the Dungeon.
             The game lasted 00:34:26 (4057 turns).

flickminster the Trooper (Gargoyle Monk)            Turns: 4057, Time: 00:34:41

Health: 0/44       AC: 19    Str: 22    XL:     7   Next: 30%
Magic:  0/10       EV: 13    Int: 19    God:    Cheibriados [***...]
Gold:   149        SH:  0    Dex: 22    Spells: 8/10 levels left

rFire   . . .      SeeInvis +   h - +2 mace (protect)
rCold   . . .      Faith    .   (no shield)
rNeg    + . .      Spirit   +   t - +1 leather armour {rPois}
rPois   ∞          Reflect  .   c - +0 helmet
rElec   +          Harm     .   (no cloak)
rCorr   .          Rampage  .   v - +0 pair of gloves
Will    .....                   l - +0 pair of boots
Stlth   +++.......              k - amulet of guardian spirit
HPRegen 0.14/turn               d - ring of see invisible
MPRegen 0.12/turn               (no ring)

@: under a protective aura, very slow
A: sickness immunity, AC +4, negative energy resistance 1, electricity
resistance, torment resistance 1, petrification resistance
a: Renounce Religion, Bend Time, Temporal Distortion


You were on level 5 of the Dungeon.
You worshipped Cheibriados.
Cheibriados was most pleased with you.
You visited 1 branch of the dungeon, and saw 5 of its levels.

You collected 149 gold pieces.

Inventory:

Hand Weapons
 a - a +0 mace
 h - a +2 mace of protection (weapon)
 j - a +1 morningstar of freezing
Missiles
 e - 2 boomerangs (quivered)
Armour
 b - a +0 robe
 c - a +0 helmet (worn)
 g - a +0 leather armour
 l - a +0 pair of boots (worn)
 s - a +0 ring mail
 t - a +1 leather armour of poison resistance (worn)
 v - a +0 pair of gloves (worn)
Magical Staves
 i - a staff of death
Jewellery
 d - a ring of see invisible (left hand)
 k - an amulet of guardian spirit (around neck)
 r - a ring of fire
Wands
 f - a wand of flame (3)
 n - a wand of acid (5)
Scrolls
 q - a scroll of blinking
 u - a scroll of amnesia
 x - a scroll of magic mapping {unknown}
Potions
 m - 4 potions of curing
 o - 2 potions of haste
 p - 2 potions of degeneration
 w - a potion of magic {unknown}


   Skills:
 + Level 4.7 Fighting
 + Level 4.2 Maces & Flails
 + Level 2.1 Armour
 - Level 3.0 Dodging
 + Level 4.2 Stealth
 * Level 2.3 Spellcasting
 + Level 1.8 Earth Magic
 + Level 2.3 Invocations


You had 8 spell levels left.
You knew the following spells:

 Your Spells              Type           Power      Damage    Failure   Level
a - Passwall              Tmut/Erth      4%         N/A       19%         2

Your spell library contained the following spells:

 Spells                   Type           Power      Damage    Failure   Level
 Ensorcelled Hibernation  Hex/Ice        4%         N/A       28%         2
 Swiftness                Air            2%         N/A       50%         3
 Fireball                 Conj/Fire      1%         3d3       99%         5
 Iskenderun's Battlesphe  Conj           2%         2d6       99%         5
 Conjure Ball Lightning   Conj/Air       1%         3x3d6     100%        6
 Iron Shot                Conj/Erth      2%         9d2       100%        6
 Orb of Destruction       Conj           1%         9d5       100%        7
 Spellforged Servitor     Conj/Summ      1%         N/A       100%        7


Dungeon Overview and Level Annotations

Branches:
Dungeon (5/15)
 Temple: D:4-7

Altars:
Cheibriados
Makhleb
Sif Muna

Shops:
D:3 (


Innate Abilities, Weirdness & Mutations

You are immune to sickness and miasma.
Your stone body is resilient. (AC +4)
You are immune to poison.
You resist negative energy. (rN+)
You are resistant to electric shocks. (rElec)
You are resistant to unholy torment.
You are immune to petrification.


Message History

Hit: h) +2 mace (protect)
Press: ? - help, Dir - move target, f - you
Okay, then.
Unknown command.
Aiming: Corrosive Bolt
Press: ? - help, Shift-Dir - straight line, f - gargoyle
Aim: a gargoyle, wielding a +0 mace (86% to hit)
The bolt of acid hits the gargoyle!
The acid corrodes the gargoyle!
The gargoyle is moderately damaged.
The gargoyle hits you but does no damage.
You hit the gargoyle but do no damage.
Your weapon exudes an aura of protection.
The gargoyle is moderately damaged.
The gargoyle hits you with a +0 mace!
You hit the gargoyle.
The gargoyle is heavily damaged.
The gargoyle barely misses you.
You hit the gargoyle but do no damage.
The gargoyle is heavily damaged.
The gargoyle misses you.
Hit: h) +2 mace (protect)
Press: ? - help, Dir - move target, f/p - gargoyle
Aim: a gargoyle, wielding a +0 mace (heavily damaged, covered in acid, about 19% to evade your +2 mace of protection)
Okay, then.
Press: ? - help, v - describe, . - travel The floor.
You thump the gargoyle!
The gargoyle is almost destroyed.
The gargoyle hits you with a +0 mace. The gargoyle hits you with a +0 mace!
You barely miss the gargoyle.
The gargoyle is almost destroyed.
The gargoyle hurls a stone arrow at you.
The stone arrow hits you! The flow of time bends around you.
Cheibriados rebukes the gargoyle.
The gargoyle seems to slow down.
You can no longer inflict damage on those overly hasty.
Cheibriados lowers the support of your attributes as your movement quickens.
The gargoyle hits you with a +0 mace!
You die...

### #<#
##############.#
......9@.......#
################


You could see a gargoyle (slow, corroded).

Vanquished Creatures
  The ghost of AverageBear the Chopper, an amateur DsFi (D:3)
  2 phantoms (D:4)
  A scorpion (D:4)
  A hound (D:4)
  An orc wizard (D:3)
  Robin (D:2)
  4 gnolls (D:4)
  5 adders
  5 dart slugs
  2 worms
  9 orcs
  11 ball pythons
  7 endoplasms
  A giant cockroach (D:1)
  15 goblins
  6 hobgoblins
  3 jackals (D:1)
  13 kobolds
  5 quokkas
  2 bats
  6 frilled lizards
  2 rats (D:3)
103 creatures vanquished.

Notes
Turn   | Place    | Note
-------+----------+-------------------------------------------
     0 | D:1      | flickminster the Gargoyle Monk began the quest for the Orb.
     0 | D:1      | Reached XP level 1. HP: 14/14 MP: 1/1
    77 | D:1      | Reached XP level 2. HP: 2/19 MP: 2/2
   559 | D:1      | Reached XP level 3. HP: 23/23 MP: 3/3
  1194 | D:1      | Found a faded altar of an unknown god.
  1773 | D:2      | Identified 2 scrolls of acquirement
  1775 | D:2      | Acquired a +1 morningstar of freezing
  1817 | D:2      | Noticed Robin
  1847 | D:2      | Reached XP level 4. HP: 24/29 MP: 4/4
  2128 | D:2      | Killed Robin
  2182 | D:2      | Found a snail-covered altar of Cheibriados.
  2190 | D:2      | Became a worshipper of Cheibriados the Contemplative
  2190 | D:2      | Reached * piety under Cheibriados
  2190 | D:2      | Reached ** piety under Cheibriados
  2674 | D:3      | Reached XP level 5. HP: 33/33 MP: 5/5
  2764 | D:3      | Reached skill level 1 in Armour
  2764 | D:3      | Reached skill level 1 in Invocations
  2785 | D:3      | Learned a level 2 spell: Passwall
  2933 | D:3      | Found Jonaix's Antique Weapon Shoppe.
  2941 | D:3      | Acquired a +2 mace of protection
  3156 | D:3      | Found a runed translucent door.
  3157 | D:3      | Noticed AverageBear's ghost (amateur DsFi)
  3172 | D:3      | Killed AverageBear's ghost
  3172 | D:3      | Reached *** piety under Cheibriados
  3173 | D:3      | Reached skill level 1 in Spellcasting
  3173 | D:3      | Reached XP level 6. HP: 39/39 MP: 5/7
  3236 | D:4      | Reached skill level 1 in Earth Magic
  3657 | D:4      | Found a shimmering blue altar of Sif Muna.
  3740 | D:4      | Reached XP level 7. HP: 33/44 MP: 8/10
  3934 | D:4      | Reached **** piety under Cheibriados
  4000 | D:4      | Found a burning altar of Makhleb.
  4041 | D:5      | Entered Level 5 of the Dungeon
  4047 | D:5      | Noticed a gargoyle
  4057 | D:5      | Slain by a gargoyle

Illustrated notes

Levels and vault maps discovered:
D:1:      wander_arrival_chamber, layout_basic, ebering_ecumenical_altar_mist
D:2:      layout_basic, basic_altar, serial_glass, glass_columns_a,
          glass_columns_b, uniq_robin
D:3:      layout_rooms, ebering_ghost_reflecting_pool, serial_shops, shop
D:4:      layout_gridville, mainiacjoe_overflow_boulevard,
          lightli_temple_of_fire
D:5:      layout_basic, roderic_lattice_a

Skill      XL: |  1  2  3  4  5  6 |
---------------+-------------------+-----
Stealth        | 3 4 |  4.2
Dodging        | 3 |  3.0
Fighting       | 4 |  4.7
Armour         | 1 2 |  2.1
Invocations    | 1 2 |  2.3
Maces & Flails | 4 |  4.2
Spellcasting   | 1 2 |  2.3
Earth Magic    | 1 |  1.8

Action                   |  1- 3 |  4- 6 |  7- 9 || total
-------------------------+-------+-------+-------++-------
Melee: Mace              |    42 |    86 |    23 ||   151
       Staff             |    74 |       |       ||    74
       Morningstar       |    24 |    63 |       ||    87
       Punch             |     1 |       |       ||     1
Throw: Boomerang         |    17 |    33 |       ||    50
 Cast: Passwall          |       |     1 |       ||     1
Invok: Bend Time         |       |       |     1 ||     1
Evoke: Wand              |       |     5 |     1 ||     6
  Use: Scroll            |     5 |     6 |       ||    11
       Potion            |     1 |     1 |       ||     2
 Stab: Sleeping          |       |     1 |     1 ||     2
Armor: Robe              |     2 |       |       ||     2
       Leather armour    |    61 |    66 |    14 ||   141
       Ring mail         |       |    10 |       ||    10
Dodge: Dodged            |   117 |   107 |    16 ||   240
